[ AOE2 MATCH · #477165834 ]
UnrankedGoths vs Cumans
[ REPLAY ANALYSIS · EXTRACTED FROM THE RECORDED GAME ]
Feudal
12:03
Castle
17:54
Imperial
36:21
| APM avg | 13.7 |
| APM peak | 85 |
| eAPM avg | 12.8 |
| Villagers / military | 197 / 1356 |
Focus
⚔️ 46.0% · 🌾 54.0%
Huskarl ×1237 · Trade Cart ×106 · Petard ×69 · Trebuchet (Packed) ×34 · Militia ×11 · Mangonel ×5
Feudal
11:13
Castle
24:38
Imperial
32:42
| APM avg | 11.7 |
| APM peak | 40 |
| eAPM avg | 8.4 |
| Villagers / military | 131 / 854 |
Focus
⚔️ 58.5% · 🌾 41.5%
Knight ×565 · Cavalry Archer ×279 · Trade Cart ×54 · Trebuchet (Packed) ×5 · Monk ×4 · Mangonel ×1
Feudal
7:09
Castle
15:49
Imperial
26:01
| APM avg | 10.1 |
| APM peak | 41 |
| eAPM avg | 7.4 |
| Villagers / military | 111 / 603 |
Focus
⚔️ 39.1% · 🌾 60.9%
Kipchak ×394 · Spearman ×183 · Trade Cart ×51 · Battering Ram ×24 · Unknown (1260) ×14 · Monk ×1
Feudal
8:28
Castle
17:54
Imperial
34:34
| APM avg | 16.4 |
| APM peak | 110 |
| eAPM avg | 13.0 |
| Villagers / military | 122 / 1200 |
Focus
⚔️ 44.4% · 🌾 55.6%
Spearman ×651 · Serjeant ×261 · Knight ×85 · Battering Ram ×66 · Militia ×65 · Scorpion ×58
Feudal
11:41
Castle
23:42
Imperial
39:35
| APM avg | 8.5 |
| APM peak | 33 |
| eAPM avg | 7.8 |
| Villagers / military | 116 / 670 |
Focus
⚔️ 44.2% · 🌾 55.8%
Scorpion ×250 · Magyar Huszar ×214 · Knight ×206 · Trade Cart ×52
Feudal
8:52
Castle
13:51
Imperial
30:14
| APM avg | 23.7 |
| APM peak | 58 |
| eAPM avg | 17.0 |
| Villagers / military | 229 / 1472 |
Focus
⚔️ 40.7% · 🌾 59.3%
Battle Elephant ×539 · Militia ×392 · Scout Cavalry ×177 · Urumi Swordsman ×163 · Spearman ×153 · Trade Cart ×149
Feudal
—
Castle
—
Imperial
—
| APM avg | 44.2 |
| APM peak | 99 |
| eAPM avg | 22.3 |
| Villagers / military | 199 / 1243 |
Focus
⚔️ 40.8% · 🌾 59.2%
Scout Cavalry ×430 · Knight ×289 · Skirmisher ×230 · Unknown (882) ×230 · Scorpion ×183 · Trade Cart ×80
Feudal
7:34
Castle
14:36
Imperial
31:48
| APM avg | 16.4 |
| APM peak | 63 |
| eAPM avg | 13.0 |
| Villagers / military | 240 / 1232 |
Focus
⚔️ 44.5% · 🌾 55.5%
Militia ×480 · Archer ×305 · Spearman ×155 · Genoese Crossbowman ×145 · Knight ×95 · Trade Cart ×84
Match map
Initial resources + every placement click. Lines = walls · curves = elevation contours. ◆ gold · ⬟ stone · ● berries · ✦ relic · ◌ wall gap
Your base· ✓ Map-separated
mdayson's base· ✓ Map-separated
Roderick's base· ✓ Map-separated
WALTZ's base· ✓ Map-separated
IsaacNewton's base· ✓ Map-separated
Paragon's base· ✓ Map-separated
SirMocho1914's base· ✓ Map-separated
冲冲冲冲冲冲車's base· ✓ Map-separated
Smoothed initial terrain · ◌ = detected wall gap · hover for details
Inputs per minute
— Silver - - mdayson
Build order — Silver
First 150 of 644 actions detected
| 0:19 | Create | Villager (Male) |
| 0:19 | Create | Villager (Male) |
| 0:20 | Create | Villager (Male) |
| 0:20 | Create | Villager (Male) |
| 1:53 | Create | Villager (Male) |
| 1:54 | Create | Villager (Male) |
| 2:02 | Build | House |
| 2:08 | Build | Lumber Camp |
| 2:40 | Create | Villager (Male) |
| 2:41 | Create | Villager (Male) |
| 3:25 | Create | Villager (Male) |
| 3:25 | Create | Villager (Male) |
| 3:25 | Create | Villager (Male) |
| 3:26 | Create | Villager (Male) |
| 3:46 | Build | Lumber Camp |
| 3:56 | Build | House |
| 4:16 | Create | Villager (Male) |
| 4:17 | Create | Villager (Male) |
| 4:39 | Create | Villager (Male) |
| 4:40 | Create | Villager (Male) |
| 4:40 | Create | Villager (Male) |
| 5:21 | Research | Loom |
| 5:22 | Create | Villager (Male) |
| 5:23 | Create | Villager (Male) |
| 5:23 | Create | Villager (Male) |
| 5:23 | Create | Villager (Male) |
| 5:24 | Create | Villager (Male) |
| 5:24 | Create | Villager (Male) |
| 6:24 | Build | Mining Camp |
| 6:43 | Build | House |
| 8:29 | Create | Villager (Male) |
| 8:30 | Create | Villager (Male) |
| 8:30 | Create | Villager (Male) |
| 9:14 | Build | Mill |
| 9:33 | Build | Mill |
| 9:50 | Research | Feudal Age |
| 9:59 | Build | Mining Camp |
| 11:49 | Build | House |
| 12:03 | Age | Feudal Age |
| 12:10 | Create | Villager (Male) |
| 12:11 | Create | Villager (Male) |
| 12:11 | Create | Villager (Male) |
| 12:11 | Create | Villager (Male) |
| 13:05 | Build | Lumber Camp |
| 13:50 | Build | Market |
| 14:25 | Build | Blacksmith |
| 15:14 | Research | Castle Age |
| 15:43 | Research | Double-Bit Axe |
| 15:45 | Research | Horse Collar |
| 15:51 | Research | Gold Mining |
| 15:51 | Research | Stone Mining |
| 15:56 | Research | Stone Mining |
| 16:07 | Build | Farm |
| 16:11 | Build | Farm |
| 16:13 | Build | Farm |
| 16:14 | Build | Farm |
| 16:15 | Build | Farm |
| 16:16 | Build | Farm |
| 16:18 | Build | Farm |
| 16:19 | Build | Farm |
| 16:20 | Build | Farm |
| 16:26 | Build | Farm |
| 16:27 | Build | Farm |
| 16:30 | Build | Farm |
| 16:33 | Build | Farm |
| 16:35 | Build | Farm |
| 17:18 | Build | Market |
| 17:23 | Build | Lumber Camp |
| 17:48 | Build | Lumber Camp |
| 17:54 | Age | Castle Age |
| 18:32 | Build | Town Center |
| 18:43 | Build | Town Center |
| 18:56 | Build | Town Center |
| 19:43 | Build | Town Center |
| 20:20 | Build | Town Center |
| 20:34 | Create | Villager (Male) ×5 |
| 21:17 | Create | Villager (Male) ×5 |
| 21:42 | Create | Villager (Male) ×5 |
| 21:44 | Create | Villager (Male) ×5 |
| 21:44 | Create | Villager (Male) ×5 |
| 22:04 | Research | Bow Saw |
| 22:41 | Research | Heavy Plow |
| 23:32 | Build | House |
| 23:35 | Build | House |
| 23:39 | Build | House |
| 23:40 | Build | House |
| 24:12 | Build | House |
| 24:15 | Build | House |
| 24:18 | Build | House |
| 24:20 | Build | House |
| 24:30 | Build | Farm |
| 24:36 | Build | House |
| 24:39 | Build | House |
| 24:42 | Build | House |
| 25:06 | Build | Palisade Gate |
| 25:14 | Build | House |
| 25:19 | Build | House |
| 25:25 | Build | House |
| 25:28 | Build | House |
| 25:30 | Build | House |
| 25:32 | Build | House |
| 25:33 | Build | House |
| 25:35 | Build | House |
| 25:37 | Build | House |
| 25:41 | Build | House |
| 25:45 | Build | House |
| 25:46 | Build | House |
| 26:01 | Build | House |
| 26:04 | Build | Barracks |
| 26:06 | Build | House |
| 26:11 | Build | House |
| 26:15 | Build | House |
| 26:17 | Build | House |
| 26:20 | Build | House |
| 26:23 | Build | House |
| 26:24 | Build | House |
| 26:26 | Build | House |
| 26:28 | Build | House |
| 26:30 | Build | House |
| 26:36 | Build | House |
| 26:38 | Build | House |
| 26:40 | Build | House |
| 26:41 | Build | House |
| 26:43 | Build | House |
| 26:44 | Build | House |
| 26:46 | Build | House |
| 26:59 | Create | Villager (Male) ×5 |
| 27:00 | Create | Villager (Male) ×5 |
| 27:00 | Create | Villager (Male) ×5 |
| 27:01 | Create | Villager (Male) ×5 |
| 27:01 | Create | Villager (Male) ×5 |
| 27:10 | Build | Lumber Camp |
| 27:18 | Build | Lumber Camp |
| 27:51 | Build | Farm |
| 27:52 | Build | Farm |
| 27:53 | Build | Farm |
| 27:55 | Build | Farm |
| 27:57 | Build | Farm |
| 27:58 | Build | Farm |
| 28:00 | Build | Farm |
| 28:03 | Build | Farm |
| 28:35 | Research | Wheelbarrow |
| 28:35 | Research | Town Watch |
| 28:50 | Build | Castle |
| 29:14 | Build | Market |
| 29:18 | Build | Market |
| 29:20 | Build | Market |
| 29:21 | Build | Market |
| 29:23 | Build | Market |
| 29:24 | Build | Market |
Build order — mdayson
First 150 of 465 actions detected
| 0:05 | Create | Villager (Male) ×4 |
| 0:06 | Research | Loom |
| 2:24 | Create | Villager (Male) ×5 |
| 4:13 | Build | Lumber Camp |
| 8:02 | Build | Mill |
| 9:03 | Research | Feudal Age |
| 11:13 | Age | Feudal Age |
| 11:24 | Research | Double-Bit Axe |
| 11:27 | Research | Wheelbarrow |
| 11:28 | Create | Villager (Male) |
| 12:31 | Research | Horse Collar |
| 12:44 | Create | Villager (Male) ×5 |
| 13:37 | Build | Market |
| 14:31 | Build | Mining Camp |
| 14:37 | Create | Villager (Male) |
| 14:37 | Create | Villager (Male) |
| 15:18 | Research | Gold Mining |
| 16:17 | Build | Barracks |
| 16:24 | Build | Blacksmith |
| 16:37 | Create | Villager (Male) ×5 |
| 17:10 | Build | Mining Camp |
| 17:29 | Build | Archery Range |
| 17:34 | Build | Stable |
| 17:55 | Create | Villager (Male) |
| 19:08 | Build | Farm |
| 19:09 | Build | Farm |
| 19:12 | Build | Farm |
| 19:13 | Build | Farm |
| 19:16 | Build | Farm |
| 19:17 | Build | Farm |
| 19:19 | Build | Farm |
| 19:20 | Build | Farm |
| 19:21 | Build | Farm |
| 19:23 | Build | Farm |
| 19:25 | Build | Farm |
| 19:26 | Build | Farm |
| 19:28 | Build | Farm |
| 19:29 | Build | Farm |
| 20:29 | Create | Villager (Male) |
| 20:51 | Research | Stone Mining |
| 21:42 | Create | Trade Cart ×5 |
| 21:58 | Research | Castle Age |
| 23:16 | Build | Farm |
| 24:38 | Age | Castle Age |
| 24:53 | Research | Bow Saw |
| 24:57 | Research | Gold Shaft Mining |
| 25:01 | Research | Heavy Plow |
| 25:09 | Build | Town Center |
| 25:18 | Research | Hand Cart |
| 25:19 | Create | Villager (Male) |
| 25:20 | Create | Villager (Male) |
| 26:04 | Research | Caravan |
| 26:36 | Create | Villager (Male) ×5 |
| 26:49 | Build | Siege Workshop |
| 26:58 | Build | University |
| 27:20 | Build | Farm |
| 27:22 | Build | Farm |
| 27:27 | Create | Villager (Male) ×5 |
| 28:41 | Build | Castle |
| 29:12 | Research | Imperial Age |
| 29:46 | Build | Monastery |
| 29:57 | Build | Farm |
| 30:10 | Build | Town Center |
| 30:47 | Create | Villager (Male) ×5 |
| 30:53 | Create | Monk |
| 31:59 | Build | Stone Wall |
| 32:19 | Build | Gate |
| 32:42 | Age | Imperial Age |
| 32:49 | Create | Monk |
| 32:56 | Create | Trade Cart ×5 |
| 33:08 | Research | Two-Man Saw |
| 33:34 | Create | Villager (Male) ×5 |
| 33:44 | Create | Villager (Male) ×5 |
| 34:15 | Build | Farm |
| 34:17 | Build | Farm |
| 34:19 | Build | Farm |
| 34:21 | Build | Farm |
| 34:22 | Build | Farm |
| 34:23 | Build | Farm |
| 34:25 | Build | Farm |
| 34:26 | Build | Farm |
| 34:53 | Build | Town Center |
| 35:23 | Create | Villager (Male) ×5 |
| 35:45 | Build | Town Center |
| 36:02 | Create | Villager (Male) ×5 |
| 36:04 | Create | Villager (Male) ×5 |
| 36:18 | Create | Villager (Male) ×5 |
| 36:21 | Create | Villager (Male) ×5 |
| 37:04 | Build | Stable |
| 37:05 | Build | Stable |
| 37:07 | Build | Stable |
| 37:08 | Build | Stable |
| 37:13 | Build | Archery Range |
| 37:14 | Build | Archery Range |
| 37:17 | Build | Archery Range |
| 37:18 | Build | Archery Range |
| 37:28 | Build | Mill |
| 37:33 | Build | Farm |
| 37:34 | Build | Farm |
| 37:35 | Build | Farm |
| 37:37 | Build | Farm |
| 37:39 | Build | Farm |
| 37:40 | Build | Farm |
| 37:41 | Build | Farm |
| 37:52 | Create | Villager (Male) ×5 |
| 38:00 | Build | Outpost |
| 38:04 | Build | Outpost |
| 38:07 | Build | Outpost |
| 38:21 | Build | Outpost |
| 38:23 | Build | Outpost |
| 38:25 | Build | Outpost |
| 38:32 | Build | Outpost |
| 38:36 | Build | Outpost |
| 38:39 | Build | Outpost |
| 38:47 | Build | Outpost |
| 38:55 | Build | Mining Camp |
| 39:00 | Create | Trade Cart ×4 |
| 39:25 | Build | Stone Wall |
| 39:43 | Build | Stone Wall |
| 39:49 | Build | Stone Wall |
| 40:10 | Build | Stone Wall |
| 40:19 | Build | Gate |
| 40:22 | Build | Gate |
| 40:26 | Build | Gate |
| 40:38 | Build | Gate |
| 40:55 | Build | Stone Wall |
| 41:04 | Build | Stone Wall |
| 41:11 | Build | Gate |
| 41:35 | Build | Mining Camp |
| 41:39 | Create | Villager (Male) ×5 |
| 41:39 | Create | Villager (Male) ×5 |
| 41:58 | Research | Scale Barding Armor |
| 41:58 | Research | Scale Mail Armor |
| 41:58 | Research | Forging |
| 41:59 | Research | Padded Archer Armor |
| 41:59 | Research | Fletching |
| 42:05 | Research | Husbandry |
| 42:05 | Research | Bloodlines |
| 42:07 | Research | Cavalier (upgrade) |
| 42:12 | Research | Parthian Tactics |
| 42:15 | Research | Heavy Cavalry Archer (upgrade) |
| 42:16 | Research | Thumb Ring |
| 42:21 | Research | Chemistry |
| 42:24 | Research | Masonry |
| 42:35 | Research | Murder Holes |
| 42:40 | Research | Ballistics |
| 42:50 | Research | Marauders |
| 42:51 | Research | Atheism |
| 42:53 | Research | Conscription |
| 43:29 | Create | Villager (Male) ×5 |
Build order — Roderick
First 150 of 546 actions detected
| 0:08 | Create | Villager (Male) |
| 0:09 | Create | Villager (Male) |
| 0:09 | Create | Villager (Male) |
| 0:09 | Create | Villager (Male) |
| 0:10 | Create | Villager (Male) |
| 0:25 | Build | Mill |
| 1:14 | Create | Villager (Male) |
| 2:01 | Research | Loom |
| 2:02 | Create | Villager (Male) |
| 2:03 | Create | Villager (Male) |
| 2:35 | Build | House |
| 3:09 | Build | Lumber Camp |
| 3:35 | Create | Villager (Male) |
| 3:36 | Create | Villager (Male) |
| 4:54 | Create | Villager (Male) |
| 4:59 | Research | Feudal Age |
| 6:32 | Create | Villager (Male) |
| 6:32 | Create | Villager (Male) |
| 6:56 | Build | House |
| 7:09 | Age | Feudal Age |
| 7:37 | Build | Blacksmith |
| 8:08 | Create | Villager (Male) |
| 8:09 | Create | Villager (Male) |
| 8:19 | Research | Double-Bit Axe |
| 8:41 | Create | Villager (Male) |
| 8:47 | Create | Villager (Male) |
| 9:20 | Build | Mining Camp |
| 9:40 | Create | Villager (Male) |
| 9:59 | Build | Market |
| 10:15 | Build | House |
| 10:49 | Build | Barracks |
| 11:05 | Create | Villager (Male) |
| 11:29 | Create | Villager (Male) |
| 11:43 | Build | Stable |
| 12:50 | Build | House |
| 13:06 | Build | Town Center |
| 13:09 | Research | Castle Age |
| 13:37 | Build | House |
| 13:38 | Build | House |
| 13:39 | Build | House |
| 13:42 | Build | House |
| 14:15 | Research | Horse Collar |
| 15:04 | Create | Villager (Male) |
| 15:04 | Create | Villager (Male) |
| 15:49 | Age | Castle Age |
| 15:52 | Build | Market |
| 16:01 | Build | Market |
| 16:12 | Research | Wheelbarrow |
| 16:16 | Research | Heavy Plow |
| 16:25 | Build | Farm |
| 16:35 | Build | Farm |
| 16:42 | Build | Farm |
| 16:46 | Build | Farm |
| 16:56 | Build | Farm |
| 17:01 | Build | Farm |
| 17:07 | Build | Farm |
| 17:39 | Build | Siege Workshop |
| 17:46 | Create | Villager (Male) |
| 17:59 | Build | Farm |
| 18:03 | Build | Farm |
| 18:08 | Build | Farm |
| 18:12 | Create | Villager (Male) |
| 18:40 | Build | Farm |
| 18:45 | Build | Farm |
| 18:47 | Create | Villager (Male) |
| 18:50 | Create | Villager (Male) |
| 19:08 | Build | Monastery |
| 19:16 | Build | Farm |
| 19:20 | Build | Farm |
| 19:23 | Create | Villager (Male) |
| 19:28 | Create | Villager (Male) |
| 19:40 | Build | Farm |
| 19:44 | Build | Farm |
| 19:49 | Create | Villager (Male) |
| 19:50 | Create | Villager (Male) |
| 19:54 | Build | Farm |
| 20:04 | Build | Farm |
| 20:08 | Build | Farm |
| 20:12 | Create | Villager (Male) |
| 20:59 | Build | Palisade Wall |
| 21:20 | Build | Town Center |
| 21:34 | Build | Farm |
| 21:48 | Create | Monk |
| 22:04 | Research | Bow Saw |
| 22:14 | Create | Villager (Male) |
| 22:24 | Build | Farm |
| 22:28 | Create | Villager (Male) |
| 22:51 | Research | Imperial Age |
| 23:09 | Build | University |
| 23:16 | Build | House |
| 23:18 | Build | House |
| 23:31 | Build | Farm |
| 23:41 | Create | Villager (Male) |
| 24:12 | Create | Villager (Male) |
| 24:13 | Create | Villager (Male) |
| 24:17 | Create | Villager (Male) |
| 24:17 | Create | Villager (Male) |
| 24:24 | Research | Hand Cart |
| 24:29 | Research | Stone Mining |
| 24:45 | Create | Mangonel |
| 25:18 | Create | Villager (Male) |
| 25:18 | Create | Villager (Male) |
| 25:26 | Create | Villager (Male) |
| 25:26 | Create | Villager (Male) |
| 25:46 | Create | Villager (Male) |
| 25:48 | Create | Villager (Male) |
| 26:01 | Age | Imperial Age |
| 26:09 | Build | Town Center |
| 26:17 | Create | Villager (Male) |
| 26:17 | Create | Villager (Male) |
| 26:30 | Research | Ballistics |
| 26:57 | Build | House |
| 27:07 | Create | Villager (Male) |
| 27:07 | Create | Villager (Male) |
| 27:10 | Create | Villager (Male) |
| 27:10 | Create | Villager (Male) |
| 27:10 | Create | Villager (Male) |
| 27:26 | Research | Crop Rotation |
| 28:13 | Research | Town Watch |
| 28:17 | Create | Villager (Male) |
| 28:17 | Create | Villager (Male) |
| 28:22 | Research | Bloodlines |
| 28:30 | Research | Masonry |
| 28:34 | Research | Gold Mining |
| 28:42 | Create | Villager (Male) |
| 28:43 | Create | Villager (Male) |
| 28:43 | Create | Villager (Male) |
| 28:43 | Create | Villager (Male) |
| 29:15 | Create | Villager (Male) |
| 29:16 | Create | Villager (Male) |
| 29:16 | Create | Villager (Male) |
| 29:16 | Create | Villager (Male) |
| 29:16 | Create | Villager (Male) |
| 29:17 | Create | Villager (Male) |
| 29:17 | Create | Villager (Male) |
| 29:49 | Build | Town Center |
| 30:02 | Build | Mining Camp |
| 30:10 | Create | Villager (Male) |
| 30:10 | Create | Villager (Male) |
| 30:11 | Create | Villager (Male) |
| 30:17 | Create | Villager (Male) |
| 30:18 | Create | Villager (Male) |
| 30:18 | Create | Villager (Male) |
| 30:21 | Research | Town Patrol |
| 30:37 | Build | Mining Camp |
| 30:57 | Build | Farm |
| 31:38 | Create | Villager (Male) |
| 31:38 | Create | Villager (Male) |
| 31:38 | Create | Villager (Male) |
| 31:38 | Create | Villager (Male) |
Build order — WALTZ
First 150 of 620 actions detected
| 0:03 | Research | Loom |
| 0:04 | Create | Villager (Male) ×4 |
| 0:05 | Create | Villager (Male) ×4 |
| 0:20 | Build | House |
| 0:47 | Build | House |
| 1:00 | Create | Villager (Male) |
| 1:24 | Build | Lumber Camp |
| 1:28 | Create | Villager (Male) |
| 2:02 | Create | Villager (Male) |
| 2:02 | Create | Villager (Male) |
| 2:38 | Create | Villager (Male) |
| 2:49 | Build | House |
| 2:50 | Build | House |
| 3:00 | Create | Villager (Male) |
| 3:00 | Create | Villager (Male) |
| 3:30 | Create | Villager (Male) |
| 3:30 | Create | Villager (Male) |
| 3:55 | Create | Villager (Male) |
| 3:55 | Create | Villager (Male) |
| 3:56 | Create | Villager (Male) |
| 3:56 | Create | Villager (Male) |
| 4:42 | Build | Mill |
| 6:02 | Create | Villager (Male) |
| 6:09 | Research | Feudal Age |
| 7:15 | Build | House |
| 7:19 | Build | House |
| 7:19 | Build | House |
| 7:22 | Build | House |
| 7:23 | Build | House |
| 7:24 | Build | House |
| 7:25 | Build | House |
| 7:33 | Build | Palisade Wall |
| 8:28 | Age | Feudal Age |
| 8:33 | Research | Wheelbarrow |
| 8:49 | Build | Farm |
| 8:54 | Build | Farm |
| 8:58 | Build | Farm |
| 9:12 | Build | Farm |
| 9:20 | Build | Farm |
| 9:23 | Research | Horse Collar |
| 9:26 | Research | Double-Bit Axe |
| 9:42 | Create | Villager (Male) |
| 9:43 | Create | Villager (Male) |
| 9:43 | Create | Villager (Male) |
| 9:44 | Create | Villager (Male) |
| 10:12 | Create | Villager (Male) |
| 10:20 | Build | Farm |
| 10:21 | Build | Farm |
| 10:22 | Build | Farm |
| 10:27 | Build | Farm |
| 10:31 | Build | Farm |
| 10:33 | Build | Farm |
| 10:40 | Create | Villager (Male) |
| 10:41 | Create | Villager (Male) |
| 10:41 | Create | Villager (Male) |
| 10:55 | Build | Mining Camp |
| 11:16 | Create | Villager (Male) |
| 11:16 | Create | Villager (Male) |
| 11:17 | Create | Villager (Male) |
| 11:35 | Research | Gold Mining |
| 12:05 | Create | Villager (Male) |
| 12:06 | Create | Villager (Male) |
| 12:06 | Create | Villager (Male) |
| 12:32 | Build | Market |
| 12:34 | Build | Market |
| 12:38 | Build | Market |
| 13:17 | Build | Lumber Camp |
| 14:09 | Build | Blacksmith |
| 14:21 | Create | Trade Cart |
| 14:47 | Research | Castle Age |
| 15:07 | Create | Trade Cart |
| 15:20 | Create | Trade Cart |
| 15:25 | Create | Trade Cart |
| 15:40 | Build | House |
| 15:41 | Build | House |
| 15:43 | Build | House |
| 15:44 | Build | House |
| 15:45 | Build | House |
| 15:47 | Build | House |
| 15:49 | Build | House |
| 15:53 | Build | House |
| 15:54 | Build | House |
| 15:55 | Build | House |
| 15:57 | Build | House |
| 15:58 | Build | House |
| 16:00 | Build | House |
| 16:04 | Build | House |
| 16:26 | Research | Forging |
| 16:27 | Research | Scale Mail Armor |
| 16:32 | Research | Scale Barding Armor |
| 16:35 | Research | Padded Archer Armor |
| 17:20 | Build | Barracks |
| 17:54 | Age | Castle Age |
| 17:56 | Build | Town Center |
| 18:01 | Research | Hand Cart |
| 18:04 | Research | Bow Saw |
| 18:41 | Create | Villager (Male) |
| 18:41 | Create | Villager (Male) |
| 18:41 | Create | Villager (Male) |
| 18:42 | Create | Villager (Male) |
| 18:43 | Create | Villager (Male) |
| 18:43 | Create | Villager (Male) |
| 18:43 | Create | Villager (Male) |
| 19:08 | Research | Heavy Plow |
| 19:14 | Research | Squires |
| 19:15 | Research | Arson |
| 19:16 | Research | Gambesons |
| 19:30 | Research | Gambesons |
| 19:44 | Create | Villager (Male) ×5 |
| 20:00 | Build | Town Center |
| 20:26 | Create | Villager (Male) |
| 20:27 | Create | Villager (Male) |
| 20:27 | Create | Villager (Male) |
| 20:28 | Create | Villager (Male) |
| 20:35 | Create | Villager (Male) |
| 20:52 | Build | Mining Camp |
| 20:59 | Create | Villager (Male) |
| 21:00 | Create | Villager (Male) |
| 21:11 | Create | Villager (Male) ×3 |
| 21:11 | Create | Villager (Male) ×3 |
| 21:21 | Build | Farm |
| 21:22 | Build | Farm |
| 21:25 | Build | Farm |
| 21:27 | Build | Farm |
| 21:30 | Build | Farm |
| 21:44 | Create | Villager (Male) |
| 21:44 | Create | Villager (Male) |
| 21:44 | Create | Villager (Male) |
| 21:54 | Build | Town Center |
| 22:01 | Create | Villager (Male) |
| 22:01 | Create | Villager (Male) |
| 22:28 | Research | Stone Mining |
| 22:49 | Create | Villager (Male) |
| 23:01 | Build | University |
| 23:14 | Research | Caravan |
| 23:16 | Create | Trade Cart ×5 |
| 23:16 | Create | Trade Cart ×5 |
| 23:16 | Create | Trade Cart ×2 |
| 23:17 | Create | Trade Cart ×2 |
| 23:37 | Create | Villager (Male) ×4 |
| 23:50 | Build | Mill |
| 23:55 | Build | Farm |
| 23:56 | Build | Farm |
| 23:58 | Build | Farm |
| 24:00 | Build | Farm |
| 24:02 | Build | Farm |
| 24:03 | Build | Farm |
| 24:04 | Build | Farm |
| 24:06 | Build | Farm |
| 24:13 | Create | Villager (Male) |
Build order — IsaacNewton
First 150 of 604 actions detected
| 0:17 | Research | Loom |
| 0:18 | Create | Villager (Male) |
| 0:18 | Create | Villager (Male) |
| 0:19 | Create | Villager (Male) |
| 0:19 | Create | Villager (Male) |
| 0:19 | Create | Villager (Male) |
| 0:58 | Create | Villager (Male) |
| 1:32 | Build | House |
| 1:33 | Build | House |
| 1:42 | Create | Villager (Male) |
| 1:43 | Create | Villager (Male) |
| 1:58 | Build | House |
| 1:59 | Build | House |
| 2:00 | Build | House |
| 2:02 | Build | House |
| 2:10 | Create | Villager (Male) |
| 2:10 | Create | Villager (Male) |
| 4:01 | Build | House |
| 5:03 | Create | Villager (Male) |
| 5:04 | Create | Villager (Male) |
| 5:04 | Create | Villager (Male) |
| 5:04 | Create | Villager (Male) |
| 5:27 | Build | Mill |
| 5:35 | Create | Villager (Male) |
| 5:36 | Create | Villager (Male) |
| 5:49 | Build | House |
| 5:52 | Build | House |
| 5:58 | Build | Lumber Camp |
| 6:11 | Create | Villager (Male) |
| 6:12 | Create | Villager (Male) |
| 7:35 | Build | Lumber Camp |
| 8:25 | Build | Mining Camp |
| 8:31 | Create | Villager (Male) |
| 8:31 | Create | Villager (Male) |
| 9:26 | Build | Mining Camp |
| 9:31 | Research | Feudal Age |
| 9:54 | Create | Villager (Male) |
| 9:54 | Create | Villager (Male) |
| 10:27 | Create | Villager (Male) |
| 10:27 | Create | Villager (Male) |
| 11:27 | Build | Mining Camp |
| 11:41 | Age | Feudal Age |
| 11:44 | Research | Double-Bit Axe |
| 11:58 | Build | Market |
| 12:00 | Build | Market |
| 12:02 | Build | Market |
| 12:09 | Research | Wheelbarrow |
| 12:24 | Research | Gold Mining |
| 12:45 | Research | Horse Collar |
| 13:05 | Create | Villager (Male) |
| 13:05 | Create | Villager (Male) |
| 14:12 | Build | Mill |
| 14:39 | Build | Lumber Camp |
| 14:44 | Research | Town Watch |
| 15:21 | Build | Farm |
| 15:25 | Build | Farm |
| 15:27 | Build | Farm |
| 15:29 | Build | Farm |
| 15:31 | Build | Farm |
| 15:32 | Build | Farm |
| 15:47 | Create | Villager (Male) |
| 15:47 | Create | Villager (Male) |
| 15:48 | Create | Villager (Male) |
| 15:48 | Create | Villager (Male) |
| 16:12 | Research | Stone Mining |
| 16:22 | Build | Farm |
| 16:53 | Build | Mill |
| 16:57 | Build | Farm |
| 16:59 | Build | Farm |
| 17:01 | Build | Farm |
| 17:02 | Build | Farm |
| 17:03 | Build | Farm |
| 17:05 | Build | Farm |
| 17:06 | Build | Farm |
| 17:19 | Build | Farm |
| 17:27 | Build | Farm |
| 17:34 | Create | Villager (Male) |
| 17:35 | Create | Villager (Male) |
| 18:02 | Create | Villager (Male) |
| 18:02 | Create | Villager (Male) |
| 18:02 | Create | Villager (Male) |
| 18:20 | Build | Farm |
| 18:22 | Build | Farm |
| 19:15 | Build | Farm |
| 20:06 | Build | House |
| 20:09 | Build | House |
| 20:13 | Build | Blacksmith |
| 20:29 | Create | Villager (Male) |
| 21:02 | Research | Castle Age |
| 21:19 | Build | Market |
| 21:30 | Create | Villager (Male) |
| 21:30 | Create | Villager (Male) |
| 21:30 | Create | Villager (Male) |
| 21:31 | Create | Villager (Male) |
| 21:31 | Create | Villager (Male) |
| 21:31 | Create | Villager (Male) |
| 21:51 | Build | Gate |
| 21:53 | Build | Gate |
| 22:00 | Build | House |
| 22:01 | Build | House |
| 22:02 | Build | House |
| 22:04 | Build | House |
| 22:05 | Build | House |
| 22:06 | Build | House |
| 22:08 | Build | House |
| 22:12 | Build | House |
| 22:14 | Build | House |
| 22:15 | Build | House |
| 22:18 | Build | House |
| 22:23 | Build | House |
| 22:24 | Build | House |
| 22:24 | Build | House |
| 22:25 | Build | House |
| 22:29 | Build | House |
| 22:30 | Build | House |
| 22:32 | Build | House |
| 23:42 | Age | Castle Age |
| 23:51 | Build | Town Center |
| 24:03 | Build | Town Center |
| 24:08 | Research | Hand Cart |
| 24:15 | Research | Bow Saw |
| 24:20 | Research | Heavy Plow |
| 24:25 | Research | Gold Shaft Mining |
| 24:38 | Research | Caravan |
| 24:41 | Create | Trade Cart |
| 24:42 | Create | Trade Cart |
| 24:42 | Create | Trade Cart |
| 25:08 | Build | Town Center |
| 25:24 | Create | Villager (Male) |
| 25:25 | Create | Villager (Male) |
| 25:25 | Create | Villager (Male) |
| 25:25 | Create | Villager (Male) |
| 25:26 | Create | Villager (Male) |
| 25:26 | Create | Villager (Male) |
| 25:26 | Create | Villager (Male) |
| 25:26 | Create | Villager (Male) |
| 25:27 | Create | Villager (Male) |
| 25:27 | Create | Villager (Male) |
| 25:46 | Build | Lumber Camp |
| 26:02 | Research | Town Patrol |
| 26:24 | Create | Villager (Male) |
| 26:24 | Create | Villager (Male) |
| 26:38 | Create | Villager (Male) |
| 26:38 | Create | Villager (Male) |
| 26:39 | Create | Villager (Male) |
| 27:02 | Build | Stone Wall |
| 27:06 | Build | Stone Wall |
| 27:12 | Build | Stone Wall |
| 27:17 | Build | Stone Wall |
| 27:23 | Build | Stone Wall |
Build order — Paragon
First 150 of 1005 actions detected
| 0:02 | Create | Villager (Male) ×4 |
| 0:02 | Create | Villager (Male) ×4 |
| 0:55 | Build | Mill |
| 1:27 | Create | Villager (Male) ×2 |
| 1:28 | Create | Villager (Male) ×2 |
| 1:34 | Build | House |
| 1:38 | Build | House |
| 1:41 | Build | House |
| 2:14 | Create | Villager (Male) ×4 |
| 2:15 | Create | Villager (Male) ×4 |
| 3:19 | Research | Loom |
| 3:20 | Create | Villager (Male) |
| 3:32 | Create | Villager (Male) ×5 |
| 4:18 | Build | Lumber Camp |
| 4:55 | Build | Mill |
| 5:12 | Create | Villager (Male) |
| 5:13 | Create | Villager (Male) |
| 6:08 | Build | House |
| 6:28 | Research | Feudal Age |
| 7:20 | Build | Mining Camp |
| 7:29 | Create | Villager (Male) |
| 7:29 | Create | Villager (Male) |
| 7:56 | Build | Lumber Camp |
| 8:52 | Age | Feudal Age |
| 9:17 | Build | Market |
| 9:24 | Create | Villager (Male) |
| 9:52 | Build | Blacksmith |
| 10:05 | Create | Villager (Male) |
| 10:22 | Research | Horse Collar |
| 10:25 | Research | Double-Bit Axe |
| 10:42 | Create | Villager (Male) |
| 11:02 | Build | Lumber Camp |
| 11:08 | Build | Lumber Camp |
| 11:11 | Research | Castle Age |
| 11:31 | Build | House |
| 11:34 | Build | House |
| 11:35 | Build | House |
| 11:36 | Build | House |
| 11:36 | Build | House |
| 11:37 | Build | House |
| 11:37 | Build | House |
| 11:39 | Build | House |
| 11:39 | Build | House |
| 11:44 | Build | House |
| 11:45 | Build | House |
| 11:47 | Build | House |
| 12:03 | Research | Gold Mining |
| 12:14 | Build | Farm |
| 12:14 | Build | Farm |
| 12:14 | Build | Farm |
| 12:15 | Build | Farm |
| 12:36 | Build | Farm |
| 12:45 | Build | Farm |
| 12:50 | Build | Farm |
| 12:59 | Build | Farm |
| 13:51 | Age | Castle Age |
| 13:53 | Create | Villager (Male) |
| 13:53 | Create | Villager (Male) |
| 13:53 | Create | Villager (Male) |
| 14:03 | Build | Town Center |
| 14:19 | Build | Town Center |
| 14:25 | Create | Villager (Male) |
| 14:34 | Build | Monastery |
| 15:16 | Create | Villager (Male) |
| 15:16 | Create | Villager (Male) |
| 15:21 | Create | Monk |
| 15:36 | Create | Villager (Male) |
| 15:37 | Create | Villager (Male) |
| 15:44 | Build | Mining Camp |
| 15:48 | Create | Villager (Male) |
| 15:54 | Build | Farm |
| 15:58 | Create | Villager (Male) |
| 15:58 | Create | Villager (Male) |
| 16:01 | Create | Villager (Male) |
| 16:20 | Build | Farm |
| 16:23 | Create | Villager (Male) |
| 16:32 | Create | Villager (Male) |
| 16:36 | Build | Farm |
| 16:42 | Create | Villager (Male) |
| 16:47 | Create | Villager (Male) |
| 16:48 | Create | Villager (Male) |
| 17:00 | Build | Farm |
| 17:05 | Create | Villager (Male) |
| 17:09 | Create | Villager (Male) |
| 17:09 | Create | Villager (Male) |
| 17:25 | Build | Farm |
| 17:31 | Build | Town Center |
| 17:36 | Build | Farm |
| 17:38 | Create | Villager (Male) ×2 |
| 17:39 | Create | Villager (Male) ×2 |
| 17:55 | Build | Farm |
| 17:58 | Build | Farm |
| 18:00 | Create | Villager (Male) ×2 |
| 18:12 | Build | Town Center |
| 18:18 | Create | Villager (Male) |
| 18:18 | Create | Villager (Male) |
| 18:21 | Build | Farm |
| 18:34 | Build | Farm |
| 18:37 | Create | Villager (Male) ×2 |
| 18:55 | Build | Farm |
| 19:05 | Build | Market |
| 19:16 | Create | Villager (Male) ×5 |
| 19:16 | Create | Villager (Male) ×5 |
| 19:17 | Create | Villager (Male) ×5 |
| 19:24 | Build | Farm |
| 19:28 | Create | Villager (Male) |
| 19:28 | Create | Villager (Male) |
| 19:43 | Create | Villager (Male) ×2 |
| 19:52 | Create | Villager (Male) |
| 19:52 | Create | Villager (Male) |
| 19:57 | Create | Villager (Male) |
| 19:57 | Create | Villager (Male) |
| 20:01 | Build | Farm |
| 20:09 | Build | Farm |
| 20:12 | Build | Farm |
| 20:15 | Create | Villager (Male) ×2 |
| 20:19 | Create | Villager (Male) |
| 20:19 | Create | Villager (Male) |
| 20:23 | Build | Farm |
| 20:28 | Create | Villager (Male) |
| 20:37 | Build | Mining Camp |
| 20:40 | Create | Villager (Male) |
| 20:44 | Build | Farm |
| 20:47 | Create | Villager (Male) ×2 |
| 20:48 | Create | Villager (Male) ×2 |
| 20:48 | Create | Villager (Male) ×2 |
| 20:52 | Build | Farm |
| 20:56 | Create | Villager (Male) |
| 20:56 | Create | Villager (Male) |
| 20:59 | Build | Farm |
| 21:02 | Build | Farm |
| 21:09 | Build | Market |
| 21:17 | Create | Trade Cart ×2 |
| 21:23 | Build | Farm |
| 21:29 | Create | Villager (Male) ×5 |
| 21:30 | Create | Villager (Male) ×5 |
| 21:38 | Build | Mining Camp |
| 21:42 | Create | Villager (Male) ×2 |
| 21:42 | Create | Villager (Male) ×2 |
| 21:49 | Build | Farm |
| 22:00 | Create | Villager (Male) ×3 |
| 22:07 | Create | Villager (Male) |
| 22:08 | Create | Villager (Male) |
| 22:16 | Create | Villager (Male) ×3 |
| 22:17 | Create | Villager (Male) ×3 |
| 22:19 | Build | Farm |
| 22:27 | Create | Villager (Male) ×2 |
| 22:30 | Build | Farm |
| 22:35 | Create | Villager (Male) |
| 22:35 | Create | Villager (Male) |
Build order — SirMocho1914
First 150 of 878 actions detected
| 0:09 | Build | Lumber Camp |
| 0:18 | Create | Villager (Male) |
| 0:19 | Create | Villager (Male) |
| 0:19 | Create | Villager (Male) |
| 0:19 | Create | Villager (Male) |
| 0:19 | Create | Villager (Male) |
| 1:27 | Build | House |
| 1:53 | Create | Villager (Male) |
| 2:21 | Create | Villager (Male) |
| 2:21 | Create | Villager (Male) |
| 2:52 | Create | Villager (Male) |
| 2:53 | Create | Villager (Male) |
| 4:39 | Create | Villager (Male) |
| 4:39 | Create | Villager (Male) |
| 4:40 | Create | Villager (Male) |
| 4:40 | Create | Villager (Male) |
| 4:40 | Create | Villager (Male) |
| 5:10 | Build | House |
| 5:42 | Create | Villager (Male) |
| 6:34 | Build | Mill |
| 6:52 | Create | Villager (Male) |
| 7:21 | Research | Feudal Age |
| 7:21 | Create | Villager (Male) |
| 7:56 | Create | Villager (Male) |
| 7:57 | Create | Villager (Male) |
| 8:54 | Build | House |
| 9:05 | Build | Farm |
| 9:16 | Build | Farm |
| 9:54 | Build | Mining Camp |
| 9:57 | Create | Villager (Male) |
| 10:03 | Build | Blacksmith |
| 10:08 | Build | Market |
| 10:20 | Build | Farm |
| 11:00 | Create | Villager (Male) |
| 11:07 | Build | Farm |
| 11:30 | Research | Loom |
| 11:57 | Research | Castle Age |
| 12:12 | Build | Mill |
| 12:34 | Build | Mill |
| 12:36 | Build | Farm |
| 12:38 | Build | Farm |
| 12:42 | Build | Farm |
| 12:47 | Research | Horse Collar |
| 12:49 | Research | Double-Bit Axe |
| 13:00 | Create | Villager (Male) |
| 13:00 | Create | Villager (Male) |
| 13:54 | Build | House |
| 13:55 | Build | House |
| 14:02 | Create | Villager (Male) |
| 14:02 | Create | Villager (Male) |
| 14:39 | Build | Town Center |
| 14:58 | Build | Town Center |
| 15:05 | Create | Villager (Male) |
| 15:05 | Create | Villager (Male) |
| 15:11 | Create | Villager (Male) |
| 15:43 | Create | Villager (Male) |
| 15:43 | Create | Villager (Male) |
| 15:43 | Create | Villager (Male) |
| 15:44 | Create | Villager (Male) |
| 15:57 | Create | Villager (Male) |
| 15:57 | Create | Villager (Male) |
| 16:09 | Create | Villager (Male) |
| 16:09 | Create | Villager (Male) |
| 16:09 | Create | Villager (Male) |
| 16:10 | Create | Villager (Male) |
| 16:16 | Create | Villager (Male) |
| 16:16 | Create | Villager (Male) |
| 16:16 | Create | Villager (Male) |
| 16:36 | Build | Monastery |
| 17:39 | Build | Town Center |
| 17:43 | Create | Villager (Male) |
| 17:44 | Create | Villager (Male) |
| 17:44 | Create | Villager (Male) |
| 17:44 | Create | Villager (Male) |
| 17:45 | Create | Villager (Male) |
| 17:49 | Create | Monk |
| 18:01 | Create | Villager (Male) |
| 18:11 | Build | Barracks |
| 18:26 | Create | Villager (Male) |
| 18:26 | Create | Villager (Male) |
| 18:38 | Build | Farm |
| 18:43 | Build | Farm |
| 18:46 | Build | Farm |
| 19:13 | Build | Farm |
| 19:14 | Build | Farm |
| 19:26 | Create | Villager (Male) |
| 19:26 | Create | Villager (Male) |
| 19:26 | Create | Villager (Male) |
| 19:27 | Create | Villager (Male) |
| 19:27 | Create | Villager (Male) |
| 19:31 | Create | Villager (Male) |
| 19:31 | Create | Villager (Male) |
| 19:52 | Build | Mill |
| 19:54 | Build | Farm |
| 19:54 | Build | Farm |
| 19:54 | Build | Farm |
| 19:54 | Build | Farm |
| 19:55 | Build | Farm |
| 19:57 | Build | Farm |
| 19:57 | Build | Farm |
| 19:58 | Build | Farm |
| 20:05 | Create | Villager (Male) |
| 20:06 | Create | Villager (Male) |
| 20:06 | Create | Villager (Male) |
| 20:06 | Create | Villager (Male) |
| 20:07 | Create | Villager (Male) |
| 20:19 | Create | Villager (Male) |
| 20:19 | Create | Villager (Male) |
| 20:20 | Create | Villager (Male) |
| 20:20 | Create | Villager (Male) |
| 20:33 | Create | Villager (Male) |
| 20:34 | Create | Villager (Male) |
| 21:05 | Research | Heavy Plow |
| 21:06 | Create | Villager (Male) |
| 21:10 | Create | Villager (Male) |
| 21:10 | Create | Villager (Male) |
| 21:35 | Research | Wheelbarrow |
| 21:51 | Build | Castle |
| 21:58 | Build | Town Center |
| 22:05 | Create | Villager (Male) |
| 22:05 | Create | Villager (Male) |
| 22:05 | Create | Villager (Male) |
| 22:06 | Create | Villager (Male) |
| 22:06 | Create | Villager (Male) |
| 22:07 | Create | Villager (Male) |
| 22:07 | Create | Villager (Male) |
| 22:09 | Create | Villager (Male) |
| 22:09 | Create | Villager (Male) |
| 22:15 | Create | Villager (Male) |
| 22:38 | Build | House |
| 22:40 | Build | House |
| 22:42 | Build | House |
| 22:43 | Build | House |
| 22:49 | Research | Bow Saw |
| 22:54 | Create | Villager (Male) |
| 22:54 | Create | Villager (Male) |
| 22:55 | Create | Villager (Male) |
| 22:55 | Create | Villager (Male) |
| 23:15 | Research | Hand Cart |
| 23:15 | Create | Villager (Male) |
| 23:16 | Create | Villager (Male) |
| 24:07 | Create | Villager (Male) |
| 24:08 | Create | Villager (Male) |
| 24:08 | Create | Villager (Male) |
| 24:09 | Create | Villager (Male) |
| 24:09 | Create | Villager (Male) |
| 24:09 | Create | Villager (Male) |
| 24:10 | Create | Villager (Male) |
| 24:10 | Create | Villager (Male) |
| 24:11 | Create | Villager (Male) |
Build order — 冲冲冲冲冲冲車
First 150 of 1038 actions detected
| 0:11 | Build | House |
| 0:30 | Build | Mill |
| 0:43 | Create | Villager (Male) |
| 0:45 | Create | Villager (Male) |
| 0:45 | Create | Villager (Male) |
| 0:46 | Create | Villager (Male) |
| 0:46 | Create | Villager (Male) |
| 0:46 | Create | Villager (Male) |
| 1:36 | Create | Villager (Male) |
| 1:38 | Create | Villager (Male) |
| 2:03 | Create | Villager (Male) |
| 2:49 | Build | Lumber Camp |
| 3:05 | Create | Villager (Male) |
| 3:06 | Create | Villager (Male) |
| 4:02 | Build | House |
| 4:05 | Build | House |
| 4:05 | Build | House |
| 5:24 | Research | Feudal Age |
| 5:32 | Research | Loom |
| 6:20 | Create | Villager (Male) |
| 6:20 | Create | Villager (Male) |
| 7:34 | Age | Feudal Age |
| 7:39 | Research | Double-Bit Axe |
| 7:42 | Research | Horse Collar |
| 8:14 | Create | Villager (Male) |
| 8:15 | Create | Villager (Male) |
| 8:16 | Create | Villager (Male) |
| 9:16 | Create | Villager (Male) |
| 10:00 | Create | Villager (Male) |
| 10:01 | Create | Villager (Male) |
| 10:05 | Create | Villager (Male) |
| 10:15 | Build | Blacksmith |
| 10:22 | Build | Market |
| 11:00 | Create | Villager (Male) |
| 11:56 | Research | Castle Age |
| 12:02 | Build | Farm |
| 12:02 | Build | Farm |
| 12:03 | Build | Farm |
| 12:03 | Build | Farm |
| 12:03 | Build | Farm |
| 12:04 | Build | Farm |
| 12:23 | Build | Farm |
| 12:48 | Build | Farm |
| 12:49 | Build | Farm |
| 13:14 | Build | Farm |
| 13:15 | Build | Farm |
| 13:15 | Build | Farm |
| 13:20 | Create | Villager (Male) |
| 14:36 | Age | Castle Age |
| 14:42 | Build | Mining Camp |
| 14:54 | Build | Town Center |
| 15:02 | Build | Town Center |
| 15:11 | Research | Wheelbarrow |
| 15:13 | Create | Villager (Male) |
| 15:14 | Create | Villager (Male) |
| 15:47 | Create | Villager (Male) |
| 16:26 | Build | Mining Camp |
| 16:37 | Research | Hand Cart |
| 16:45 | Research | Bow Saw |
| 16:59 | Create | Villager (Male) ×3 |
| 17:30 | Build | Farm |
| 17:30 | Build | Farm |
| 17:30 | Build | Farm |
| 17:32 | Build | Farm |
| 17:41 | Create | Villager (Male) |
| 17:52 | Build | Farm |
| 17:53 | Build | Farm |
| 17:53 | Build | Farm |
| 17:53 | Build | Farm |
| 17:54 | Build | Farm |
| 17:59 | Create | Villager (Male) |
| 18:00 | Create | Villager (Male) |
| 18:17 | Build | House |
| 18:17 | Build | House |
| 18:18 | Build | House |
| 18:18 | Build | House |
| 18:18 | Build | House |
| 18:19 | Build | House |
| 18:19 | Build | House |
| 18:19 | Build | House |
| 18:20 | Build | House |
| 18:20 | Build | House |
| 18:20 | Build | House |
| 18:21 | Build | House |
| 18:21 | Build | House |
| 18:21 | Build | House |
| 18:22 | Build | House |
| 18:22 | Build | House |
| 18:22 | Build | House |
| 18:23 | Build | House |
| 18:23 | Build | House |
| 18:23 | Build | House |
| 18:24 | Build | House |
| 18:24 | Build | House |
| 18:27 | Build | House |
| 18:27 | Build | House |
| 18:28 | Build | House |
| 18:28 | Build | House |
| 18:28 | Build | House |
| 18:29 | Build | House |
| 18:29 | Build | House |
| 18:29 | Build | House |
| 18:30 | Build | House |
| 18:30 | Build | House |
| 18:31 | Build | House |
| 18:31 | Build | House |
| 18:40 | Build | House |
| 18:40 | Build | House |
| 18:41 | Build | House |
| 18:41 | Build | House |
| 18:42 | Build | House |
| 18:42 | Build | House |
| 18:42 | Build | House |
| 18:43 | Build | House |
| 18:43 | Build | House |
| 18:43 | Build | House |
| 18:44 | Build | House |
| 18:44 | Build | House |
| 18:44 | Build | House |
| 18:45 | Build | House |
| 18:45 | Build | House |
| 18:45 | Build | House |
| 18:46 | Build | House |
| 18:46 | Build | House |
| 18:46 | Build | House |
| 18:47 | Build | House |
| 18:47 | Build | House |
| 18:47 | Build | House |
| 18:52 | Build | House |
| 19:13 | Create | Villager (Male) |
| 19:13 | Create | Villager (Male) |
| 19:14 | Create | Villager (Male) |
| 19:25 | Research | Heavy Plow |
| 19:32 | Create | Villager (Male) |
| 19:33 | Create | Villager (Male) |
| 20:00 | Build | Town Center |
| 20:14 | Build | Farm |
| 20:14 | Build | Farm |
| 20:15 | Build | Farm |
| 20:15 | Build | Farm |
| 20:20 | Create | Villager (Male) |
| 20:20 | Create | Villager (Male) |
| 20:21 | Create | Villager (Male) ×5 |
| 20:50 | Create | Villager (Male) |
| 20:50 | Create | Villager (Male) |
| 21:01 | Build | Lumber Camp |
| 21:29 | Research | Gold Mining |
| 21:30 | Research | Stone Mining |
| 21:47 | Create | Villager (Male) |
| 21:47 | Create | Villager (Male) |
Match timeline
| 7:09 | Roderick · age_up feudal |
| 7:33 | WALTZ · wall_segment Palisade Wall x1 |
| 7:34 | 冲冲冲冲冲冲車 · age_up feudal |
| 8:28 | WALTZ · age_up feudal |
| 8:52 | Paragon · age_up feudal |
| 10:49 | Roderick · first_building Barracks |
| 11:13 | mdayson · age_up feudal |
| 11:41 | IsaacNewton · age_up feudal |
| 11:43 | Roderick · first_building Stable |
| 11:50 | 冲冲冲冲冲冲車 · first_market_sell 500 wood |
| 11:55 | SirMocho1914 · first_market_sell 100 food |
| 12:03 | Silver · age_up feudal |
| 13:51 | Paragon · age_up castle |
| 14:34 | Paragon · first_building Monastery |
| 14:36 | 冲冲冲冲冲冲車 · age_up castle |
| 15:49 | Roderick · age_up castle |
| 16:13 | Paragon · first_market_sell 100 wood |
| 16:14 | Paragon · first_market_buy 100 food |
| 16:17 | mdayson · first_building Barracks |
| 16:36 | SirMocho1914 · first_building Monastery |
| 17:20 | WALTZ · first_building Barracks |
| 17:29 | mdayson · first_building Archery Range |
| 17:34 | mdayson · first_building Stable |
| 17:39 | Roderick · first_building Siege Workshop |
| 17:54 | Silver · age_up castle |
| 17:54 | WALTZ · age_up castle |
| 18:11 | SirMocho1914 · first_building Barracks |
| 19:08 | Roderick · first_building Monastery |
| 19:37 | Silver · first_market_buy 100 wood |
| 20:18 | SirMocho1914 · first_market_buy 100 food |
| 20:59 | Roderick · wall_segment Palisade Wall x5 |
| 21:51 | SirMocho1914 · first_building Castle |
| 23:29 | Paragon · wall_segment Stone Wall x45 |
| 23:42 | IsaacNewton · age_up castle |
| 24:30 | Paragon · first_building Siege Workshop |
| 24:38 | mdayson · age_up castle |
| 25:36 | Paragon · first_building Castle |
| 25:57 | 冲冲冲冲冲冲車 · first_building Monastery |
| 26:01 | Roderick · age_up imperial |
| 26:04 | Silver · first_building Barracks |
| 26:49 | mdayson · first_building Siege Workshop |
| 27:02 | IsaacNewton · wall_segment Stone Wall x16 |
| 27:06 | IsaacNewton · wall_segment Stone Wall x12 |
| 27:12 | IsaacNewton · wall_segment Stone Wall x16 |
| 27:17 | IsaacNewton · wall_segment Stone Wall x16 |
| 27:23 | IsaacNewton · wall_segment Stone Wall x13 |
| 28:41 | SirMocho1914 · first_building Stable |
| 28:41 | mdayson · first_building Castle |
| 28:41 | WALTZ · first_building Castle |
| 28:50 | Silver · first_building Castle |
| 28:55 | Paragon · wall_segment Stone Wall x44 |
| 29:02 | Paragon · wall_segment Stone Wall x11 |
| 29:04 | Paragon · wall_segment Stone Wall x2 |
| 29:46 | mdayson · first_building Monastery |
| 30:00 | IsaacNewton · first_market_sell 100 wood |
| 30:14 | Paragon · age_up imperial |
| 30:30 | IsaacNewton · first_building Barracks |
| 30:50 | Paragon · first_building Barracks |
| 31:00 | IsaacNewton · first_building Castle |
| 31:30 | 冲冲冲冲冲冲車 · wall_segment Stone Wall x17 |
| 31:36 | 冲冲冲冲冲冲車 · wall_segment Stone Wall x10 |
| 31:47 | 冲冲冲冲冲冲車 · wall_segment Stone Wall x21 |
| 31:48 | 冲冲冲冲冲冲車 · age_up imperial |
| 31:59 | mdayson · wall_segment Stone Wall x26 |
| 32:20 | Paragon · wall_segment Stone Wall x23 |
| 32:24 | 冲冲冲冲冲冲車 · wall_segment Stone Wall x54 |
| 32:25 | Paragon · wall_segment Stone Wall x16 |
| 32:29 | Paragon · wall_segment Stone Wall x4 |
| 32:31 | Paragon · wall_segment Stone Wall x5 |
| 32:35 | Paragon · wall_segment Stone Wall x8 |
| 32:42 | mdayson · age_up imperial |
| 33:00 | Paragon · wall_segment Stone Wall x20 |
| 33:05 | Paragon · wall_segment Stone Wall x2 |
| 33:16 | Paragon · wall_segment Stone Wall x18 |
| 33:25 | Roderick · first_building Castle |
| 33:30 | IsaacNewton · first_market_buy 100 stone |
| 34:34 | WALTZ · age_up imperial |
| 34:43 | Paragon · first_building Stable |
| 35:08 | 冲冲冲冲冲冲車 · first_building Castle |
| 35:12 | IsaacNewton · first_building Stable |
| 35:39 | Silver · wall_segment Palisade Wall x23 |
| 35:45 | 冲冲冲冲冲冲車 · first_building Barracks |
| 36:21 | Silver · age_up imperial |
| 37:34 | IsaacNewton · wall_segment Stone Wall x50 |
| 37:41 | 冲冲冲冲冲冲車 · wall_segment Stone Wall x11 |
| 37:54 | Paragon · wall_segment Stone Wall x28 |
| 37:58 | Paragon · wall_segment Stone Wall x13 |
| 38:24 | Paragon · wall_segment Stone Wall x26 |
| 38:50 | Paragon · wall_segment Stone Wall x13 |
| 38:57 | Paragon · wall_segment Stone Wall x21 |
| 38:57 | 冲冲冲冲冲冲車 · first_building Archery Range |
| 39:13 | SirMocho1914 · wall_segment Stone Wall x48 |
| 39:25 | mdayson · wall_segment Stone Wall x15 |
| 39:35 | IsaacNewton · age_up imperial |
| 39:43 | mdayson · wall_segment Stone Wall x32 |
| 39:46 | WALTZ · first_building Donjon |
| 39:48 | Paragon · wall_segment Stone Wall x19 |
| 39:49 | mdayson · wall_segment Stone Wall x2 |
| 40:05 | Paragon · wall_segment Stone Wall x15 |
| 40:10 | mdayson · wall_segment Stone Wall x48 |
| 40:24 | IsaacNewton · first_building Siege Workshop |
| 40:27 | Silver · first_building Monastery |
| 40:27 | 冲冲冲冲冲冲車 · first_building Siege Workshop |
| 40:55 | mdayson · wall_segment Stone Wall x5 |
| 41:04 | mdayson · wall_segment Stone Wall x20 |
| 41:41 | SirMocho1914 · first_building Archery Range |
| 41:47 | WALTZ · first_building Siege Workshop |
| 42:21 | Paragon · wall_segment Stone Wall x12 |
| 42:28 | Paragon · wall_segment Stone Wall x33 |
| 42:28 | 冲冲冲冲冲冲車 · first_building Stable |
| 42:42 | Roderick · first_building Archery Range |
| 42:44 | Paragon · wall_segment Stone Wall x7 |
| 43:15 | IsaacNewton · wall_segment Stone Wall x29 |
| 43:26 | Paragon · wall_segment Stone Wall x18 |
| 43:30 | Paragon · wall_segment Stone Wall x9 |
| 43:58 | IsaacNewton · first_building Archery Range |
| 44:56 | SirMocho1914 · first_building Siege Workshop |
| 45:05 | Silver · first_building Siege Workshop |
| 46:05 | SirMocho1914 · wall_segment Stone Wall x9 |
| 48:55 | SirMocho1914 · wall_segment Stone Wall x8 |
| 52:51 | SirMocho1914 · wall_segment Stone Wall x1 |
| 53:10 | SirMocho1914 · wall_segment Stone Wall x1 |
| 59:06 | SirMocho1914 · wall_segment Stone Wall x7 |
| 59:10 | Roderick · wall_segment Palisade Wall x26 |
| 63:56 | WALTZ · first_market_buy 100 stone |
| 64:43 | Roderick · first_market_buy 100 stone |
| 71:22 | WALTZ · wall_segment Stone Wall x14 |
| 77:55 | IsaacNewton · resign |
| 80:56 | WALTZ · first_building Stable |
| 83:02 | 冲冲冲冲冲冲車 · wall_segment Stone Wall x31 |
| 85:16 | Paragon · wall_segment Stone Wall x12 |
| 85:19 | Paragon · wall_segment Stone Wall x13 |
| 85:21 | Paragon · wall_segment Stone Wall x7 |
| 86:13 | 冲冲冲冲冲冲車 · wall_segment Stone Wall x9 |
| 86:18 | 冲冲冲冲冲冲車 · wall_segment Stone Wall x6 |
| 86:41 | 冲冲冲冲冲冲車 · wall_segment Stone Wall x14 |
| 88:19 | Paragon · wall_segment Stone Wall x8 |
| 88:26 | Paragon · wall_segment Stone Wall x8 |
| 88:26 | 冲冲冲冲冲冲車 · first_market_buy 100 stone |
| 88:30 | Paragon · wall_segment Stone Wall x16 |
| 88:43 | 冲冲冲冲冲冲車 · wall_segment Stone Wall x10 |
| 89:59 | mdayson · tribute_sent a jugador 1 |
| 89:59 | mdayson · tribute_sent a jugador 3 |
| 89:59 | mdayson · tribute_sent a jugador 4 |
| 89:59 | mdayson · tribute_sent a jugador 5 |
| 89:59 | mdayson · tribute_sent a jugador 6 |
| 89:59 | mdayson · tribute_sent a jugador 7 |
| 89:59 | mdayson · tribute_sent a jugador 8 |
| 91:23 | Silver · tribute_sent a jugador 2 |
| 91:23 | Silver · tribute_sent a jugador 3 |
| 91:23 | Silver · tribute_sent a jugador 4 |
| 91:23 | Silver · tribute_sent a jugador 5 |
| 91:23 | Silver · tribute_sent a jugador 6 |
| 91:23 | Silver · tribute_sent a jugador 7 |
| 91:23 | Silver · tribute_sent a jugador 8 |
| 91:24 | 冲冲冲冲冲冲車 · wall_segment Stone Wall x10 |
| 94:00 | mdayson · wall_segment Stone Wall x4 |
| 103:21 | mdayson · tribute_sent a jugador 1 |
| 103:21 | mdayson · tribute_sent a jugador 3 |
| 103:21 | mdayson · tribute_sent a jugador 4 |
| 103:21 | mdayson · tribute_sent a jugador 5 |
| 103:21 | mdayson · tribute_sent a jugador 6 |
| 103:21 | mdayson · tribute_sent a jugador 7 |
| 103:21 | mdayson · tribute_sent a jugador 8 |
| 109:56 | mdayson · first_market_buy 500 stone |
[ AI ANALYSIS · 1 CREDIT ]
What really happened in this match?
Wolo.gg analyzes every decision: build order, eco, micro, common mistakes by bracket. Personalized analysis on WhatsApp or Discord in 30 seconds.
Civ guide
Goths
Perfil
Jugador #12328841